 Dungeon Crawl Stone Soup version 0.32-a0-999-gfa1cc04b1d (webtiles) character file.

Game seed: 11006954755710771247

814 GiantSquids the Cutter (level 7, -2/46 HPs)
             Began as an Octopode Berserker on Apr 24, 2024.
             Was a Priest of Trog.
             Killed from afar by an orc wizard (11 damage)
             ... with a magic dart
             ... on level 6 of the Dungeon on Apr 25, 2024.
             The game lasted 00:11:52 (4134 turns).

GiantSquids the Cutter (Octopode Berserker)         Turns: 4134, Time: 00:11:52

Health: -2/46      AC:  1    Str: 18    XL:     7   Next: 93%
Magic:  7/7        EV: 12    Int:  9    God:    Trog [***...]
Gold:   244        SH:  0    Dex: 12    Spells: 6/6 levels left

rFire   . . .        q - +0 rapier
rCold   . . .        (no shield)
rNeg    . . .        (helmet restricted)
rPois   +            (no amulet)
rElec   .            a - ring of poison resistance
rCorr   .            l - ring of see invisible
SInv    +            (no ring)
Will    .....        (no ring)
Stlth   +++          (no ring)
HPRegen 0.27/turn    (no ring)
MPRegen 0.10/turn    (no ring)
                     (no ring)

%: no passive effects
@: on berserk cooldown, slowed, very slow
A: almost no armour, amphibious, 8 rings, camouflage 1, gelatinous body 1,
(nimble swimmer 1), tentacles
a: Renounce Religion, Berserk, Trog's Hand


You were on level 6 of the Dungeon.
You worshipped Trog.
Trog was most pleased with you.
You visited 1 branch of the dungeon, and saw 6 of its levels.

You collected 244 gold pieces.

Inventory:

Hand Weapons
 q - a +0 rapier (weapon)
Missiles
 e - 6 javelins
 f - 5 poisoned darts
 n - 39 stones (quivered)
Jewellery
 a - a ring of poison resistance (left tentacle)
 l - a ring of see invisible (right tentacle)
Scrolls
 b - a scroll of brand weapon {unknown}
 c - a scroll of butterflies {unknown}
 h - 3 scrolls of teleportation {unknown}
 m - a scroll of identify {unknown}
 o - a scroll of fog {unknown}
 r - a scroll of poison {unknown}
 u - a scroll of amnesia {unknown}
 v - 3 scrolls of revelation {unknown}
Potions
 d - a potion of attraction {unknown}
 g - 2 potions of degeneration {unknown}
 i - 4 potions of curing {unknown}
 j - a potion of brilliance {unknown}
 k - a potion of might {unknown}
 p - 3 potions of invisibility {unknown}
 s - a potion of magic {unknown}
 t - 2 potions of mutation {unknown}
 w - a potion of heal wounds {unknown}


   Skills:
 - Level 3.0 Fighting
 * Level 7.0 Short Blades
 - Level 3.0 Dodging
 + Level 3.7 Stealth
 - Level 4.8 Unarmed Combat


You had 6 spell levels left.
You didn't know any spells.
Your spell library was empty.

Dungeon Overview and Level Annotations

Branches:
Dungeon (6/15)             Temple (0/1) D:4

Altars:
Ashenzari
Cheibriados
Ru
The Shining One

Shops:
D:3 (

Annotations:
D:5 2 transporters, exclusion: 3 doors


Innate Abilities, Weirdness & Mutations

You cannot wear most types of armour.
You are amphibious.
You can wear up to eight rings at the same time.
Your skin changes colour to match your surroundings (Stealth+).
Your rubbery body absorbs attacks. (AC +1, EV +1)
((You are camouflaged when in or above water. (Stealth+)))
You have tentacles for arms and can constrict up to eight enemies at once.


Message History

The orc hits you with a +0 falchion. The orc wizard barely misses you.
The orc hits you but does no damage.
You hit the orc wizard but do no damage.
Your squeeze misses the orc wizard.
The orc wizard hits you with a +0 dagger.
The orc barely misses you.
The orc wizard gestures at you while chanting.
The magic dart hits you.
You're too confused to move!
You feel less confused. The orc closely misses you.
The orc wizard gestures at you while chanting.
You are confused.
You hit the orc wizard but do no damage.
Your squeeze misses the orc wizard. The orc hits you with a +0 falchion.
The orc wizard points at you and mumbles some strange words.
You resist with some effort. The orc hits you with a +0 falchion.
* * * LOW HITPOINT WARNING * * *
Okay, then.
The orc wizard closely misses you. The orc closely misses you.
The orc wizard closely misses you.
You bump into the rock wall.
You feel less confused. The orc misses you.
You hit the orc. You grab the orc. You squeeze the orc, but do no damage.
The orc is severely wounded.
You constrict the orc.
You kill the orc!
Trog accepts your kill. The orc wizard casts a spell at you.
You resist with some effort. The orc hits you with a +0 club.
* * * LOW HITPOINT WARNING * * *
The orc barely misses you.
You barely miss the orc wizard. Your grab misses the orc wizard.
The orc wizard gestures at you while chanting.
You resist with some effort. The orc closely misses you.
The orc barely misses you.
The orc wizard points at you and mumbles some strange words.
The magic dart hits you!
You die...

#...######
####+####...##..<##
#.......#.........#
#.......#..†......#
###...#...#.........#
#.'..###..'.........#
#.#...#...#........##
#.#oo.....#........#
#.#o@.....##+###...#
#o####+#### #...#
#oo....# .. ##.....#
.....# ...o.# #...o#
....# ....#


You could see an orc wizard (invisible) and 2 orcs.

Vanquished Creatures
  An acid dragon (D:5)
  An ice beast (D:5)
  A phantom (D:5)
  A scorpion (D:4)
  A crimson imp (D:3)
  4 hounds
  A bombardier beetle (D:4)
  A sleepcap (D:5)
  2 iguanas
  3 gnolls (D:5)
  8 adders
  A shadow imp (D:3)
  2 ufetubi (D:5)
  2 dart slugs
  2 ribbon worms
  5 orcs
  3 ball pythons
  10 endoplasms
  3 giant cockroaches
  6 goblins
  6 hobgoblins
  6 jackals
  8 bats
  7 frilled lizards
  2 goblin zombies (D:3)
  A hobgoblin zombie (D:3)
  9 kobolds
  A kobold zombie (D:3)
  3 orc skeletons (D:3)
  7 rats
108 creatures vanquished.

Notes
Turn   | Place    | Note
-------+----------+-------------------------------------------
     0 | D:1      | GiantSquids the Octopode Berserker began the quest for the
                  | Orb.
     0 | D:1      | Reached XP level 1. HP: 16/16 MP: 1/1
    71 | D:1      | Reached skill level 1 in Stealth
   122 | D:1      | Reached XP level 2. HP: 15/21 MP: 2/2
   351 | D:1      | Reached XP level 3. HP: 26/26 MP: 3/3
   466 | D:1      | Reached ** piety under Trog
  1221 | D:2      | Reached XP level 4. HP: 31/31 MP: 4/4
  1572 | D:3      | Reached XP level 5. HP: 15/36 MP: 5/5
  1701 | D:3      | Found Telytuuf's Weapon Emporium.
  1710 | D:3      | Identified the +1 hand axe "Ciweah" {flame, rN+ Str+5 Int-2
                  | Stlth+}
  1925 | D:3      | Reached *** piety under Trog
  1926 | D:3      | Reached skill level 1 in Short Blades
  2001 | D:3      | Found a glowing golden altar of the Shining One.
  2009 | D:3      | Reached skill level 2 in Short Blades
  2071 | D:3      | Found a faded altar of an unknown god.
  2311 | D:4      | Found a broken altar of Ashenzari.
  2360 | D:4      | Reached skill level 3 in Short Blades
  2360 | D:4      | Reached XP level 6. HP: 42/42 MP: 6/6
  2382 | D:4      | Reached skill level 4 in Short Blades
  2492 | D:4      | Found a staircase to the Ecumenical Temple.
  2666 | D:4      | Found a snail-covered altar of Cheibriados.
  2900 | D:5      | Entered Level 5 of the Dungeon
  3118 | D:5      | Found a transporter.
  3132 | D:5      | Found a transporter.
  3142 | D:5      | Noticed an ice beast
  3159 | D:5      | Killed an ice beast
  3160 | D:5      | Reached skill level 5 in Short Blades
  3160 | D:5      | Reached XP level 7. HP: 46/46 MP: 7/7
  3494 | D:5      | Reached skill level 6 in Short Blades
  3836 | D:5      | Found a sacrificial altar of Ru.
  4082 | D:6      | Reached skill level 7 in Short Blades
  4134 | D:6      | Killed from afar by an orc wizard

Illustrated notes

Levels and vault maps discovered:
D:1:      mainiacjoe_arrival_reflecting_pool, layout_loops_cross
D:2:      layout_basic
D:3:      layout_loops_ring, nicolae_tso_besieged_by_evil,
          shapermc_ecumenical_altar_mp_highgroup, serial_shops, shop,
          chequers_serial_rivers_micro_d, kennysheep_potato
D:4:      layout_rooms, ashenzari_conservatory_becter, cheibrodos_worm_habitat,
          minmay_temple_entry_offerings, hex_large
D:5:      gammafunk_steamed_eel, layout_gridville,
          nicolae_ru_the_path_less_chosen, nicolae_elevator_lobby_asterisk
D:6:      layout_gridville, kennysheep_generic_room_8

Skill      XL: |  1  2  3  4  5  6  7 |
---------------+----------------------+-----
Stealth        | 1 2 3 |  3.7
Unarmed Combat | 4 |  4.8
Short Blades   | 3 5 7 |  7.0
Fighting       | |  3.0
Dodging        | |  3.0

Action                     |  1- 3 |  4- 6 |  7- 9 || total
---------------------------+-------+-------+-------++-------
  Melee: Unarmed           |    83 |   100 |    20 ||   203
         Tentacles         |    19 |    20 |     7 ||    46
         Constrict         |    22 |    25 |     9 ||    56
         Punch             |     2 |     2 |     2 ||     6
         Rapier            |       |     6 |    22 ||    28
         Hand axe          |       |     4 |       ||     4
  Throw: Stone             |       |     1 |     2 ||     3
 Invoke: Berserk           |       |     2 |     2 ||     4
   Stab: Sleeping          |    11 |    12 |     4 ||    27
         Distracted        |       |     1 |       ||     1
 Armour: Skin              |    29 |    57 |    31 ||   117
  Dodge: Dodged            |    40 |    66 |    30 ||   136

Table legend: (Time is in decaauts)
 A = Elapsed time spent in this place.
 B = Non-inter-level travel time spent in this place.
 C = Inter-level travel time spent in this place.
 D = Time resting spent in this place.
 E = Time spent auto-exploring this place.
 F = Levels seen in this place.
 G = Mean time per level.
                   A        B        C        D        E       F      G
               +--------+--------+--------+--------+--------+-----+--------+
         Total |   4153 |   4039 |    114 |      1 |   3185 |   6 |  692.2 |
       Dungeon |   4153 |   4039 |    114 |      1 |   3185 |   6 |  692.2 |
               +--------+--------+--------+--------+--------+-----+--------+

Top non-repeatable levels by time:
     D:5: 1205 daAuts
     D:3: 821 daAuts
     D:1: 783 daAuts
     D:4: 683 daAuts
     D:2: 599 daAuts
     D:6: 60 daAuts
